 Dungeon Crawl Stone Soup version 0.29.0-13-gc9e81de378 (webtiles) character file.

Game seed: 7913805135885686423

855 Zonian the Ducker (level 7, -1/55 HPs)
             Began as a Demonspawn Gladiator on Sept 10, 2022.
             Was an Initiate of Qazlal.
             Killed by divine providence
             ... invoked by an orc priest
              (17 damage)
             ... on level 5 of the Dungeon.
             The game lasted 00:07:42 (4528 turns).

Zonian the Ducker (Demonspawn Gladiator)            Turns: 4528, Time: 00:07:43

Health: -1/55      AC:  8    Str: 23    XL:     7   Next: 70%
Magic:  7/7        EV: 17    Int:  9    God:    Qazlal [......]
Gold:   204        SH:  4    Dex: 14    Spells: 6/6 levels left

rFire   . . .      SeeInvis .   a - +2 trident
rCold   . . .      Faith    .   p - +0 buckler
rNeg    . . .      Spirit   .   y - +1 leather armour {Will+}
rPois   .          Reflect  .   c - +0 helmet
rElec   .          Harm     .   w - +0 cloak
rCorr   .          Rampage  .   (no gloves)
Will    +....                   (no boots)
Stlth   +.........              (no amulet)
HPRegen 0.18/turn               f - +4 ring of evasion
MPRegen 0.20/turn               D - +6 ring of strength

@: lethally poisoned (-1 -> -3), marked
A: slimy green scales 1, magic regeneration, demonic magic 1, weakness stinger 1
a: Renounce Religion


You were on level 5 of the Dungeon.
You worshipped Qazlal.
Qazlal was noncommittal.
You visited 1 branch of the dungeon, and saw 5 of its levels.

You collected 204 gold pieces.

Inventory:

Hand Weapons
 a - a +2 trident (weapon)
 q - a +1 dagger of venom
 s - a +0 sling
Missiles
 d - 4 throwing nets (quivered)
 e - a javelin
Armour
 b - a +0 leather armour
 c - a +0 helmet (worn)
 j - an orb of mayhem
 p - a +0 buckler (worn)
 w - a +0 cloak (worn)
 y - a +1 leather armour of willpower (worn)
 B - a +2 ring mail of poison resistance
Jewellery
 f - a +4 ring of evasion (left hand)
 D - a +6 ring of strength (right hand)
Wands
 E - a wand of mindburst (11)
Scrolls
 m - a scroll of butterflies
 o - 2 scrolls of teleportation
Potions
 h - 2 potions of brilliance
 i - 4 potions of heal wounds
 r - 2 potions of invisibility
 t - a potion of curing {unknown}
 u - a potion of cancellation {unknown}
 z - a potion of haste {unknown}
 A - a potion of berserk rage {unknown}
 C - a potion of resistance {unknown}
 F - a potion of flight {unknown}
 G - a potion of lignification {unknown}


   Skills:
 + Level 4.3 Fighting
 + Level 4.5 Polearms
 + Level 4.0 Throwing
 + Level 4.5 Dodging
 + Level 2.8 Shields


You had 6 spell levels left.
You didn't know any spells.
Your spell library contained the following spells:

 Spells                   Type           Power      Damage    Failure   Level
 Gell's Gravitas          Tloc           0%         N/A       88%         3
 Teleport Other           Tloc           0%         N/A       88%         3
 Dispersal                Tloc           0%         N/A       100%        6


Dungeon Overview and Level Annotations

Branches:
Dungeon (5/15)
 Temple: D:4-7

Altars:
Nemelex Xobeh
Qazlal
Wu Jian
Xom


Innate Abilities, Weirdness & Mutations

You are partially covered in slimy green scales. (AC +2)
You regenerate magic rapidly.
Spells you cast may paralyse adjacent enemies.
You have a small tail.


Message History

A scorpion is nearby!
Unknown command.
An orc comes into view. It is wielding a +0 whip.
An orc priest comes into view. It is wielding a +0 short sword.
An orc comes into view. It is wielding a +0 whip.
An orc comes into view. It is wielding a +0 short sword.
The scorpion stings you but does no damage.
You hit the scorpion.
Your tail-slap misses the scorpion.
The scorpion is lightly wounded.
The orc priest invokes the aid of Beogh against you.
Beogh smites you! The scorpion stings you.
You hit the scorpion.
The scorpion is lightly wounded.
The scorpion misses you. The orc hits you but does no damage.
An adder comes into view.
You puncture the scorpion!
The scorpion is almost dead.
The scorpion barely misses you. The orc closely misses you.
The scorpion stings you.
You puncture the scorpion!
You kill the scorpion!
Qazlal accepts your kill. You block the orc's attack.
The orc priest calls down the wrath of Beogh upon you.
Beogh smites you!
Your Throwing skill increases to level 4!
The orc attacks as you move away! The orc barely misses you.
A quokka comes into view.
The adder bites you but does no damage. The adder closely misses you.
Unknown command.
You barely miss the adder. The orc completely misses you. The adder misses you.
You miss the adder. The orc closely misses you. The adder bites you.
You are poisoned.
The adder poisons you!
A quokka comes into view.
You barely miss the adder.
Your tail-slap misses the adder.
You feel sick. The adder bites you but does no damage.
The orc priest mumbles some strange prayers to Beogh against you.
Beogh smites you!
You die...

# #.#.# #.#.#.# #.#.#.#
##.#.#.## ... .......#
... .......# ##.#
#.#.##S# #..# #.#.##@#
#..# #.#.##o####.#. #..#
#....roo.o.... ######..#
#.....or......
........#####.##.######.
######)###....##.# #)#
#.#####.### #)#
#.......... #†#
#..####....


You could see an orc priest, an adder, 3 orcs and 2 quokkas.

Vanquished Creatures
  2 sky beasts
  A black bear (D:5)
  An ice beast (D:4)
  A necrophage (D:4)
  2 scorpions (D:5)
  2 hounds
  Jessica (D:3)
  An iguana (D:4)
  2 orc wizards (D:5)
  8 adders
  2 worms (D:2)
  3 dart slugs
  8 orcs
  6 ball pythons
  A bat (D:1)
  An endoplasm (D:2)
  2 hobgoblins (D:1)
  5 kobolds
  5 quokkas
  2 frilled lizards (D:2)
  8 goblins
  8 rats
72 creatures vanquished.

Vanquished Creatures (others)
  18 fungi (D:5)
18 creatures vanquished.

Grand Total: 90 creatures vanquished

Notes
Turn   | Place    | Note
-------+----------+-------------------------------------------
     0 | D:1      | Zonian the Demonspawn Gladiator began the quest for the
                  | Orb.
     0 | D:1      | Reached XP level 1. HP: 16/16 MP: 1/1
   440 | D:1      | Gained mutation: Spells you cast may paralyse adjacent
                  | enemies. [demonic ancestry]
   440 | D:1      | Reached XP level 2. HP: 22/22 MP: 2/2
  1046 | D:2      | Reached XP level 3. HP: 25/28 MP: 3/3
  2017 | D:3      | Found a shimmering altar of Xom.
  2021 | D:3      | Noticed Jessica
  2030 | D:3      | Killed Jessica
  2031 | D:3      | Gained mutation: You are partially covered in slimy green
                  | scales. (AC +2) [demonic ancestry]
  2031 | D:3      | Reached XP level 4. HP: 27/34 MP: 4/4
  2161 | D:3      | Found a faded altar of an unknown god.
  2177 | D:3      | Found an ornate altar of the Wu Jian Council.
  2728 | D:4      | Noticed a necrophage
  2737 | D:4      | Killed a necrophage
  2738 | D:4      | Gained mutation: You have a small tail. [demonic ancestry]
  2738 | D:4      | Reached XP level 5. HP: 37/41 MP: 5/5
  2939 | D:4      | Reached skill level 1 in Shields
  2955 | D:4      | Found a stormy altar of Qazlal.
  2971 | D:4      | Became a worshipper of Qazlal Stormbringer
  2987 | D:4      | Found a sparkling altar of Nemelex Xobeh.
  3020 | D:4      | Identified the +3 barding "Gapag" {rElec rF+ rN+ Str-4}
  3067 | D:4      | Noticed an ice beast
  3091 | D:4      | Killed an ice beast
  3092 | D:4      | Gained mutation: You regenerate magic rapidly. [demonic
                  | ancestry]
  3092 | D:4      | Reached XP level 6. HP: 29/47 MP: 6/6
  3479 | D:4      | Noticed a sky beast
  3493 | D:4      | Killed a sky beast
  3814 | D:5      | Entered Level 5 of the Dungeon
  3914 | D:5      | Reached XP level 7. HP: 25/50 MP: 7/7
  4528 | D:5      | Killed from afar by an orc priest

Illustrated notes

Levels and vault maps discovered:
D:1:      sevenhm_arrival_forest_fort_small_4, layout_loops_ring
D:2:      layout_basic, minmay_crystal_water, grunt_ministairs_12,
          minmay_strange_pillars, minmay_three_crescents
D:3:      layout_loops_ring, mainiacjoe_overflow_alcove_4,
          overflow_temple_1_default, mainiacjoe_overflow_brackets,
          ebering_ecumenical_altar_hall, uniq_jessica
D:4:      layout_cave_pods, mainiacjoe_overflow_alcove_2, grunt_qazlal_clouds
D:5:      layout_basic, mainiacjoe_overflow_chevrons

Skill      XL: |  1  2  3  4  5  6  7 |
---------------+----------------------+-----
Throwing       | 2 3 4 |  4.0
Dodging        | 3 4 |  4.5
Polearms       | 3 4 |  4.5
Fighting       | 3 4 |  4.3
Shields        | 1 2 |  2.8

Action                   |  1- 3 |  4- 6 |  7- 9 || total
-------------------------+-------+-------+-------++-------
Melee: Trident           |   128 |   125 |    41 ||   294
       Tailslap          |       |    11 |     4 ||    15
  Use: Scroll            |       |     4 |     8 ||    12
 Stab: Sleeping          |     3 |       |       ||     3
Armor: Leather armour    |    14 |    28 |    19 ||    61
Dodge: Dodged            |    68 |    77 |    33 ||   178
Block: Buckler           |    16 |     8 |     6 ||    30
